 Dungeon Crawl Stone Soup version 0.31-a0-1308-ga3cce3a448 (webtiles) character file.

Game seed: 17530712793141115189

414 DApurpleWHUMPUS the Ogre Mage (level 6, -8/53 HPs)
             Began as an Ogre Fire Elementalist on Dec 19, 2023.
             Was a Follower of Makhleb.
             Mangled by Pikel
             ... wielding a +1 whip of flaming
              (12 damage)
             ... on level 4 of the Dungeon.
             The game lasted 00:08:39 (5909 turns).

DApurpleWHUMPUS the Ogre Mage (OgFE)                Turns: 5909, Time: 00:08:39

Health: -8/53      AC:  3    Str: 13    XL:     6   Next: 91%
Magic:  10/14      EV: 10    Int: 16    God:    Makhleb [*.....]
Gold:   174        SH:  0    Dex: 11    Spells: 7/16 levels left

rFire   . . .        (no weapon)
rCold   . . .        d - orb {light}
rNeg    . . .        a - +0 robe
rPois   .            (helmet restricted)
rElec   .            (no cloak)
rCorr   .            (gloves unavailable)
SInv    .            (boots unavailable)
Will    .....        (no amulet)
Stlth   +            (no ring)
HPRegen 0.28/turn    (no ring)
MPRegen 0.14/turn

%: no passive effects
@: glowing
A: large, unfitting armour, tough skin 1
a: Renounce Religion


You were on level 4 of the Dungeon.
You worshipped Makhleb.
Makhleb was aware of your devotion.
You visited 1 branch of the dungeon, and saw 5 of its levels.

You collected 174 gold pieces.

Inventory:

Missiles
 r - a throwing net
Armour
 a - a +0 robe (worn)
 d - an orb of light (worn)
Jewellery
 s - a ring of willpower
 t - a ring of flight
Wands
 o - a wand of iceblast (7)
 q - a wand of flame (23)
Scrolls
 c - a scroll of noise {unknown}
 e - 6 scrolls of identify {unknown}
 g - a scroll of vulnerability {unknown}
 h - 4 scrolls of teleportation {unknown}
 i - a scroll of summoning {unknown}
 j - a scroll of acquirement {unknown}
 k - a scroll of enchant armour {unknown}
 l - 4 scrolls of poison {unknown}
Potions
 b - a potion of magic
 f - 2 potions of brilliance {unknown}
 m - 2 potions of mutation {unknown}
 n - 2 potions of curing {unknown}
 p - a potion of resistance {unknown}


   Skills:
 - Level 1.7 Dodging
 - Level 1.4 Stealth
 * Level 5.8 Spellcasting
 - Level 0.8 Conjurations
 * Level 5.2 Fire Magic


You had 7 spell levels left.
You knew the following spells:

 Your Spells              Type           Power      Damage    Failure   Level
a - Foxfire               Conj/Fire      56%        2x1d6     4%          1
b - Scorch                Fire           42%        2d6       2%          2
c - Inner Flame           Hex/Fire       13%        N/A       14%         3
d - Volatile Blastmotes   Fire/Tloc      26%        2d12      14%         3

Your spell library contained the following spells:

 Spells                   Type           Power      Damage    Failure   Level
 Static Discharge         Conj/Air       12%        3-4/arc   19%         2
 Ignite Poison            Fire/Tmut/Pois 10%        N/A       21%         3
 Cigotuvi's Dreadful Rot  Necr/Pois/Air  8%         N/A       22%         2
 Ozocubu's Armour         Ice            4%         N/A       38%         3
 Flame Wave               Conj/Fire      14%        2d6       38%         4
 Airstrike                Air            2%         2d(1-17)  80%         4
 Animate Dead             Necr           4%         N/A       80%         4
 Summon Lightning Spire   Summ/Air       4%         N/A       80%         4
 Borgnjor's Vile Clutch   Necr/Erth      2%         N/A       98%         5
 Freezing Cloud           Conj/Ice/Air   2%         6-21      98%         5
 Death Channel            Necr           2%         N/A       100%        6
 Ozocubu's Refrigeration  Ice            2%         4d7       100%        7


Dungeon Overview and Level Annotations

Branches:
Dungeon (5/15)
 Temple: D:4-7

Altars:
Makhleb

Shops:
D:2 *

Annotations:
D:4 Pikel


Innate Abilities, Weirdness & Mutations

You are too large for most types of armour.
You have tough skin. (AC +1)


Message History

Confirm with . or Enter, or press ? or * to list all spells.
You don't have enough magic to cast this spell.
Casting: Scorch (safe; 2% risk of failure)
Confirm with . or Enter, or press ? or * to list all spells.
You don't know that spell.
Unknown command.
Casting: Scorch (safe; 2% risk of failure)
Confirm with . or Enter, or press ? or * to list all spells.
You don't know that spell.
Unknown command.
Magic courses through your body. The lemure barely misses you.
Pikel hits you with a +1 whip of flaming.
Pikel burns you.
* * * LOW HITPOINT WARNING * * *
Casting: Scorch (safe; 2% risk of failure)
Confirm with . or Enter, or press ? or * to list all spells.
Okay, then.
Casting: Scorch (safe; 2% risk of failure)
Confirm with . or Enter, or press ? or * to list all spells.
Flames lash the lemure.
The lemure is moderately wounded.
The lemure's fire resistance burns away.
The lemure hits you.
* * * LOW HITPOINT WARNING * * *
Pikel hits you with a +1 whip of flaming.
* * * LOW HITPOINT WARNING * * *
Pikel burns you.
* * * LOW HITPOINT WARNING * * *
Casting: Scorch (safe; 2% risk of failure)
Confirm with . or Enter, or press ? or * to list all spells.
Flames lash the lemure.
The lemure is burned terribly!
You kill the lemure!
That felt strangely unrewarding.
Pikel is no longer more vulnerable to fire.
The lemure hits you.
* * * LOW HITPOINT WARNING * * *
The lemure barely misses you.
Pikel hits you with a +1 whip of flaming!
You die...
Pikel says, "See you in Hell!"

..... .... ....## ...#
....##..?# #........#
#........# #.......#
... #.......## #..#
##........##...#
#@K.......#...#
##55...........# #
#...(..........###.
#...................
#....................
.......######..†......
#....#### ##)....###
#..## #.††...#
#......#


You could see Pikel and 2 lemures.

Vanquished Creatures
  2 lemures (D:4)
  A scorpion (D:3)
  A hound (D:5)
  Jessica (D:3)
  An iguana (D:4)
  Ijyb (D:3)
  Natasha (thrice) (D:3)
  Terence (D:3)
  2 adders
  3 gnolls (D:4)
  4 worms
  4 dart slugs
  5 endoplasms
  6 giant cockroaches
  10 goblins
  4 hobgoblins
  7 jackals
  7 kobolds
  5 quokkas
  3 ball pythons
  4 bats
  2 frilled lizards
  6 rats
83 creatures vanquished.

Vanquished Creatures (others)
  285 foxfires
285 creatures vanquished.

Grand Total: 368 creatures vanquished

Notes
Turn   | Place    | Note
-------+----------+-------------------------------------------
     0 | D:1      | DApurpleWHUMPUS the Ogre Fire Elementalist began the quest
                  | for the Orb.
     0 | D:1      | Reached XP level 1. HP: 16/16 MP: 3/3
   289 | D:1      | Reached XP level 2. HP: 24/24 MP: 0/5
   907 | D:1      | Reached XP level 3. HP: 31/31 MP: 4/7
  1050 | D:1      | Learned a level 2 spell: Scorch
  1054 | D:1      | Learned a level 3 spell: Inner Flame
  1798 | D:2      | Found Piod's Assorted Antiques.
  2579 | D:2      | Reached XP level 4. HP: 39/39 MP: 6/9
  2804 | D:2      | Found a faded altar of an unknown god.
  3058 | D:2      | Found a burning altar of Makhleb.
  3082 | D:2      | Became a worshipper of Makhleb the Destroyer
  3249 | D:3      | Noticed Ijyb
  3257 | D:3      | Killed Ijyb
  3484 | D:3      | Noticed Jessica
  3487 | D:3      | Killed Jessica
  3488 | D:3      | Reached XP level 5. HP: 45/45 MP: 7/11
  4105 | D:3      | Noticed Terence
  4111 | D:3      | Killed Terence
  4112 | D:3      | Reached skill level 5 in Spellcasting
  4112 | D:3      | Reached XP level 6. HP: 40/53 MP: 4/13
  4553 | D:3      | Noticed Natasha
  4562 | D:3      | Killed Natasha
  4709 | D:3      | Noticed Natasha
  4714 | D:3      | Killed Natasha
  5020 | D:3      | Noticed Natasha
  5022 | D:3      | Killed Natasha
  5022 | D:3      | Reached * piety under Makhleb
  5037 | D:3      | Learned a level 3 spell: Volatile Blastmotes
  5059 | D:4      | Reached skill level 5 in Fire Magic
  5435 | D:5      | Entered Level 5 of the Dungeon
  5893 | D:4      | Noticed Pikel
  5909 | D:4      | Mangled by Pikel

Illustrated notes

Levels and vault maps discovered:
D:1:      elethiomel_arrival_shortcut, layout_loops_corners
D:2:      layout_loops_ring, chequers_ecumenical_altar_simple, basic_altar,
          serial_shops, nicolae_shop_dealshenge
D:3:      layout_loops_cross, uniq_natasha, uniq_ijyb, uniq_terence,
          uniq_jessica
D:4:      layout_layer_cave, uniq_edmund, uniq_pikel
D:5:      layout_rooms, nicolae_hepliaklqana_monster_ancestors

Skill      XL: |  1  2  3  4  5  6 |
---------------+-------------------+-----
Fire Magic     | 3 4 5 |  5.2
Spellcasting   | 3 4 5 |  5.8
Dodging        | |  1.7
Stealth        | |  1.4
Conjurations   | |  0.8

Action                     |  1- 3 |  4- 6 || total
---------------------------+-------+-------++-------
  Melee: Unarmed           |    35 |    37 ||    72
   Cast: Foxfire           |   121 |    91 ||   212
         Scorch            |     5 |    41 ||    46
         Inner Flame       |       |     2 ||     2
         Volatile Blastmot |       |     1 ||     1
    Use: Potion            |       |     1 ||     1
 Armour: Robe              |    48 |    68 ||   116
  Dodge: Dodged            |    27 |    51 ||    78

Table legend: (Time is in decaauts)
 A = Elapsed time spent in this place.
 B = Non-inter-level travel time spent in this place.
 C = Inter-level travel time spent in this place.
 D = Time resting spent in this place.
 E = Time spent auto-exploring this place.
 F = Levels seen in this place.
 G = Mean time per level.
                   A        B        C        D        E       F      G
               +--------+--------+--------+--------+--------+-----+--------+
         Total |   5908 |   5858 |     50 |   1407 |   3634 |   5 | 1181.6 |
       Dungeon |   5908 |   5858 |     50 |   1407 |   3634 |   5 | 1181.6 |
               +--------+--------+--------+--------+--------+-----+--------+

Top non-repeatable levels by time:
     D:3: 1799 daAuts
     D:1: 1798 daAuts
     D:2: 1439 daAuts
     D:4: 532 daAuts
     D:5: 338 daAuts
